Map: Coda LE (Void)

Players

MaydorK - Winner!

  • Race: Protoss Protoss

Bop

  • Race: Zerg Zerg

VOD

Have the link to the VOD?

Description

Time

  • Played on: May 6, 2015, 10:13 p.m.
  • Length: 18:23
Show
View Real Time Build Order
Export as new Build Order

MaydorK Protoss - Winner!

Build Orders:  

Get SALT Encoding   

  12  0:01  Probe  
  13  0:14  Pylon  
  13  0:20  Probe  
  14  0:36  Gateway  
  14  0:42  Gateway  
  14  0:49  Probe (Chrono Boost)  
  15  0:54  Assimilator  
  15  1:01  Probe (Chrono Boost)  
  16  1:10  Probe (Chrono Boost)  
  17  1:17  Pylon  
  17  1:20  Probe (Chrono Boost)  
  17  1:23  Cybernetics Core  
  18  1:32  Probe (Chrono Boost)  
  19  1:39  Probe (Chrono Boost)  
  24  2:02  Adept (Chrono Boost)  
  24  2:04  Adept (Chrono Boost)  
  24  2:14  Nexus  
  24  2:24  Warp Gate  
  24  2:27  Probe, Assimilator  
  25  2:32  Sentry  
  27  2:39  Probe  
  28  2:50  Pylon  
  28  2:51  Probe  
  29  3:04  Probe (Chrono Boost)  
  28  3:16  Probe (Chrono Boost)  
  29  3:22  Forge  
  29  3:25  Gateway  
  29  3:26  Mothership Core (Chrono Boost)  
  31  3:31  Probe (Chrono Boost)  
  32  3:38  Twilight Council  
  33  3:41  Probe (Chrono Boost)  
  33  3:44  Probe (Chrono Boost)  
  32  3:48  Probe  
  33  3:58  Protoss Ground Weapons Level 1 (Chrono Boost)  
  33  4:01  Pylon  
  33  4:04  Probe x2 (Chrono Boost)  
  35  4:14  Photon Cannon  
  35  4:15  Probe x2 (Chrono Boost)  
  37  4:21  Probe (Chrono Boost)  
  38  4:26  Pylon  
  38  4:28  Stalker  
  38  4:30  Probe (Chrono Boost)  
  41  4:33  Probe (Chrono Boost)  
  42  4:45  Gateway  
  42  4:49  Assimilator  
  42  4:54  Assimilator  
  42  4:57  Shield Upgrade (Chrono Boost)  
  42  5:00  Adept  
  42  5:01  Adept x2  
  48  5:15  Gateway  
  48  5:20  Pylon  
  48  5:22  Adept x3, Pylon  
  54  5:30  Robotics Facility  
  54  5:31  Probe x2  
  56  5:43  Adept x4  
  56  5:46  Probe x2  
  66  5:58  Pylon  
  66  6:05  Probe  
  66  6:06  Protoss Ground Weapons Level 2 (Chrono Boost)  
  67  6:19  Pylon  
  67  6:20  Adept x4  
  65  6:50  Probe x2  
  65  6:51  Immortal (Chrono Boost)  
  65  6:53  Robotics Bay  
  63  6:55  Adept  
  65  7:02  Probe  
  66  7:14  Probe x2 (Chrono Boost)  
  69  7:24  Probe (Chrono Boost)  
  69  7:31  Immortal (Chrono Boost)  
  73  7:50  Adept x4  
  81  7:54  Pylon  
  81  7:55  Pylon  
  81  7:56  Mothership Core  
  83  7:58  Observer (Chrono Boost)  
  83  8:03  Gateway  
  84  8:05  Gateway  
  84  8:07  Protoss Ground Weapons Level 3 (Chrono Boost), Blink (Chrono Boost)  
  84  8:12  Photon Cannon  
  84  8:19  Warp Prism (Chrono Boost)  
  86  8:28  Adept x4  
  94  8:34  Nexus  
  94  8:35  Pylon  
  94  8:48  Adept x2  
  94  8:49  Adept  
  89  9:08  Adept  
  84  9:10  Observer (Chrono Boost)  
  85  9:25  Observer (Chrono Boost)  
  85  9:26  Adept  
  85  9:27  Adept x4  
  96  9:41  Stalker  
  99  9:51  Pylon  
  99  9:54  Pylon  
  99  9:55  Pylon  
  99  9:56  Pylon  
  99  10:04  Observer (Chrono Boost)  
  95  10:12  Pylon  
  95  10:20  Stalker  
  95  10:21  Stalker x4  
  103  10:26  Pylon  
  103  10:27  Disruptor (Chrono Boost)  
  109  10:31  Photon Cannon  
  109  10:39  Protoss Ground Armor Level 1 (Chrono Boost)  
  109  10:47  Nexus  
  109  10:49  Photon Cannon  
  109  11:04  Disruptor (Chrono Boost)  
  113  11:07  Probe x2  
  113  11:10  Stalker x2, Photon Cannon  
  113  11:11  Stalker x3  
  125  11:19  Probe  
  120  11:29  Zealot  
  112  11:37  Adept x5  
  120  11:52  Disruptor x2  
  120  11:57  Pylon  
  120  11:58  Pylon  
  120  12:00  Pylon  
  120  12:05  Zealot x4  
  120  12:08  Cybernetics Core  
  126  12:10  Observer (Chrono Boost)  
  109  12:35  Protoss Ground Armor Level 2 (Chrono Boost)  
  107  12:50  Probe x3  
  114  12:51  Assimilator  
  114  12:53  Assimilator  
  114  12:54  Disruptor (Chrono Boost)  
  114  13:02  Probe  
  115  13:06  Zealot x3  
  115  13:07  Zealot  
  122  13:14  Pylon  
  121  13:21  Adept  
  123  13:29  Immortal (Chrono Boost)  
  119  13:40  Dark Shrine  
  119  13:52  Nexus  
  119  13:53  Adept x2  
  119  13:55  Photon Cannon  
  123  14:01  Adept x2  
  128  14:10  Observer (Chrono Boost)  
  128  14:13  Pylon  
  128  14:25  Pylon  
  128  14:29  Zealot x3  
  132  14:50  Disruptor  
  132  14:55  Dark Templar x4  
  132  14:58  Protoss Ground Armor Level 3  
  140  15:10  Warp Prism (Chrono Boost)  
  138  15:15  Assimilator  
  130  15:39  Stalker x5  
  134  15:55  Pylon  
  126  16:08  Nexus  
  126  16:09  Dark Templar x3  
  126  16:22  Adept  
  126  16:23  Adept  
  130  16:31  Disruptor x2  
  130  16:42  Gateway  
  130  16:43  Gateway  
  130  16:45  Adept  
  130  16:46  Adept x4  
  88  17:11  Adept x4  
  88  17:12  Dark Templar  
  90  17:19  Immortal (Chrono Boost)  
  66  17:36  Zealot  
  64  17:37  Zealot x4  
  74  17:58  Adept x2  
  74  17:59  Adept x3  
  80  18:19  Dark Templar  
  72  18:20  Zealot x3  
  72  18:21  Zealot  
Show
View Real Time Build Order
Export as new Build Order

Bop Zerg 

Build Orders: Hatch First, Lurkers 

Get SALT Encoding   

  12  0:00  Drone  
  13  0:13  Overlord  
  13  0:18  Drone  
  14  0:32  Drone x2  
  16  0:36  Drone  
  17  0:46  Drone  
  18  1:01  Hatchery, Drone  
  18  1:13  Drone  
  18  1:14  Extractor  
  18  1:17  Spawning Pool  
  17  1:23  Drone  
  18  1:30  Drone  
  19  1:40  Overlord  
  19  1:53  Drone  
  20  2:04  Drone  
  20  2:06  Queen  
  23  2:13  Queen  
  23  2:14  Zergling x2  
  23  2:15  Metabolic Boost  
  26  2:18  Zergling x2  
  27  2:23  Drone  
  27  2:25  Drone  
  29  2:36  Drone  
  29  2:37  Drone  
  31  2:41  Queen  
  32  2:45  Zergling x2  
  32  2:46  Zergling x2  
  32  2:50  Queen  
  30  3:14  Drone x4  
  30  3:18  Burrow  
  33  3:26  Drone x3  
  36  3:30  Overlord  
  36  3:33  Lair  
  36  3:48  Drone x5  
  40  3:55  Zergling x4  
  42  3:56  Overlord  
  42  3:59  Drone  
  43  4:07  Overlord  
  43  4:16  Drone x6  
  49  4:17  Extractor  
  49  4:20  Overlord  
  48  4:26  Extractor  
  48  4:27  Drone  
  48  4:33  Hydralisk Den  
  48  4:35  Overseer  
  48  4:37  Spore Crawler  
  48  4:38  Spore Crawler  
  45  4:41  Overseer  
  45  4:42  Zergling x4  
  47  4:52  Lurker Den  
  47  4:57  Drone x3  
  47  4:58  Zergling x6  
  53  5:09  Drone x4  
  53  5:10  Drone  
  58  5:17  Hydralisk  
  58  5:19  Overlord  
  60  5:25  Hydralisk  
  60  5:26  Hydralisk  
  64  5:33  Extractor  
  63  5:39  Hydralisk x2  
  67  5:43  Drone x3  
  70  5:54  Queen  
  70  5:55  Queen  
  74  5:57  Hydralisk  
  74  5:59  Overlord  
  76  6:05  Spore Crawler  
  76  6:06  Spore Crawler  
  76  6:12  Overlord  
  76  6:20  Lurker x3  
  76  6:22  Zergling x10  
  83  6:28  Zergling x12  
  75  6:44  Drone x4  
  65  6:48  Drone x8  
  65  6:49  Drone x4  
  65  6:50  Drone x4  
  70  7:05  Lurker x2  
  70  7:10  Drone  
  70  7:11  Drone x2  
  69  7:19  Drone x8  
  66  7:30  Drone x3  
  66  7:34  Infestation Pit  
  66  7:35  Overlord  
  62  7:42  Drone x2  
  63  7:47  Zergling x2  
  63  7:51  Evolution Chamber  
  63  8:02  Hydralisk x5  
  73  8:13  Zergling x6  
  73  8:17  Zerg Melee Weapons Level 1  
  76  8:20  Hive  
  76  8:21  Drone x2  
  78  8:30  Zergling x8  
  74  9:06  Zergling x2  
  74  9:07  Zergling x10  
  74  9:08  Queen  
  77  9:16  Lurker x3  
  77  9:18  Zergling x4  
  78  9:34  Zergling x4  
  80  9:40  Overlord  
  80  9:50  Zergling x6  
  83  10:05  Ultralisk Cavern  
  82  10:07  Zergling x2  
  83  10:14  Hatchery  
  83  10:20  Queen, Zergling x2  
  84  10:38  Zergling x4  
  84  10:41  Overseer  
  84  10:42  Hatchery, Overseer  
  85  10:44  Zergling x2  
  86  10:56  Queen  
  88  11:04  Ultralisk  
  94  11:24  Zergling x2  
  94  11:25  Zergling x4  
  87  11:32  Queen  
  84  11:41  Ultralisk, Zergling x2  
  84  11:42  Zergling x8  
  91  11:47  Drone x14  
  91  11:51  Zergling x2  
  91  11:52  Zergling x2  
  76  12:02  Zergling x4  
  76  12:03  Zergling x2  
  76  12:13  Zergling x6  
  76  12:15  Chitinous Plating  
  73  12:24  Zergling x4  
  73  12:25  Zergling x2  
  61  12:35  Zergling x2  
  61  12:36  Zergling x4  
  54  12:43  Zergling x2  
  54  12:44  Zergling x4  
  56  12:49  Hydralisk  
  56  12:50  Hydralisk  
  60  12:52  Drone  
  60  12:55  Queen  
  61  13:05  Zergling x8  
  63  13:20  Drone x2  
  63  13:21  Drone  
  64  13:28  Zergling x2  
  64  13:29  Zergling x2  
  64  13:41  Overseer  
  64  13:43  Zergling x6  
  64  13:47  Lurker  
  68  14:02  Lurker  
  69  14:03  Hydralisk  
  69  14:05  Zergling x4  
  73  14:19  Drone x4  
  73  14:21  Extractor  
  76  14:29  Zergling x4  
  78  14:37  Hydralisk  
  79  14:41  Hydralisk  
  81  14:50  Overlord, Lurker  
  82  15:02  Hydralisk x2  
  84  15:08  Lurker  
  84  15:09  Lurker  
  84  15:12  Zergling x2  
  83  15:36  Ultralisk  
  87  15:50  Ultralisk  
  90  15:57  Overseer  
  90  15:59  Drone x4  
  94  16:10  Zergling x6  
  95  16:28  Lurker  
  95  16:29  Lurker  
  95  16:30  Zergling x10  
  95  16:31  Zergling x4  
  98  16:44  Zergling x2  
  98  16:45  Zergling x8  
  54  17:16  Zergling x6  
  51  17:33  Zergling x4  
  45  17:53  Zergling x4  
Tags
 
Add a new tag
Caveats
  • Supply blocks, unpowered buildings, or Contaminate may cause inaccurate times.
  • Supply counts are checked every 10 seconds.